 Dungeon Crawl Stone Soup version 0.13.1-17-g0f9d4ff (webtiles) character file.

319 veg the Magician (level 5, 0/24 HPs)
             Began as a Spriggan Conjurer on Dec 18, 2013.
             Slain by Edmund the wolf (2 damage)
             ... on Level 4 of the Dungeon.
             The game lasted 00:12:50 (4747 turns).

veg the Magician (Spriggan Conjurer)                Turns: 4747, Time: 00:12:51

HP   0/24        AC  2     Str  5      XL: 5   Next: 30%
MP   0/18        EV 18     Int 16      God:
Gold 143         SH  0     Dex 17      Spells:  3 memorised,  4 levels left

Res.Fire  : . . .   See Invis. : +   r - +0 elf short sword
Res.Cold  : . . .   Warding    : .   o - +0 robe
Life Prot.: . . .   Conserve   : .   (shield restricted)
Res.Poison: +       Res.Corr.  : .   (helmet restricted)
Res.Elec. : .       Clarity    : .   (no cloak)
Sust.Abil.: . .     Spirit.Shd : .   (gloves unavailable)
Res.Mut.  : .       Stasis     : .   (boots unavailable)
Res.Rott. : .       Flight     : .   (no amulet)
Saprovore : . . .                    (no ring)
                                     f - ring of poison resistance {unknown}

@: very quick, somewhat resistant to hostile enchantments, stealthy
A: unfitting armour, see invisible, herbivore 3, speed 3, slow metabolism 2
a: no special abilities


You were on level 4 of the Dungeon.
You were full.

You visited 1 branch of the dungeon, and saw 4 of its levels.

You collected 123 gold pieces.

Inventory:

Hand weapons
 r - a +0,+0 elven short sword (weapon)
Missiles
 p - a steel dart (quivered)
Armour
 i - a +0 orcish buckler
 o - a +0 robe (worn)
Magical devices
 b - a wand of polymorph (0)
Comestibles
 k - a pear
 n - a bread ration
Scrolls
 d - 6 scrolls of identify {unknown}
 e - a scroll of amnesia {unknown}
 g - 2 scrolls of fog {unknown}
 h - 3 scrolls of random uselessness {unknown}
 m - 2 scrolls of remove curse {unknown}
 v - a scroll of enchant weapon II {unknown}
Jewellery
 f - a ring of poison resistance (left hand) {unknown}
 s - an uncursed ring of fire
Potions
 a - 2 potions of curing {unknown}
 j - a potion of poison {unknown}
 l - a potion of magic {unknown}
 q - a potion of restore abilities {unknown}
 t - a potion of brilliance {unknown}
 u - a potion of berserk rage {unknown}
Books
 c - a book of Conjurations

   Spells                             Type                      Level
   *Magic Dart                        Conjuration                  1
   Searing Ray                        Conjuration                  2
   Dazzling Spray                     Conjuration/Hexes            3
   *Iskenderun's Mystic Blast         Conjuration                  4
   *Iskenderun's Battlesphere         Conjuration/Charms           4
   Fulminant Prism                    Conjuration/Hexes            5


   Skills:
 - Level 3.0 Dodging
 - Level 3.0 Stealth
 - Level 4.8 Spellcasting
 - Level 3.2 Conjurations
 + Level 4.0 Charms


You had 4 spell levels left.
You knew the following spells:

 Your Spells              Type           Power        Failure   Level  Hunger
a - Magic Dart            Conj           ##..         6%          1    None
b - Iskenderun's Mystic   Conj           ##......     50%         4    ####...
z - Iskenderun's Battles  Conj/Chrm      ###.....     38%         4    ####...


Dungeon Overview and Level Annotations

Branches:
Dungeon (4/27)
 Temple: D:4-7

Altars:

Annotations:
D:4 Edmund


Innate Abilities, Weirdness & Mutations

You are tiny and cannot use many weapons and most armour.
You have supernaturally acute eyesight.
You are a herbivore.
You cover ground extremely quickly.
You need consume almost no food.


Message History

Aim: Edmund the wolf (moderately wounded)
The magic dart hits Edmund.
Edmund is heavily wounded.
Edmund misses you.
Casting: Magic Dart
Confirm with . or Enter, or press ? or * to list all spells.
Aiming: Magic Dart
Press: ? - help, Shift-Dir - straight line, f/p - Edmund
Aim: Edmund the wolf (heavily wounded)
The magic dart hits Edmund.
Edmund is heavily wounded.
Edmund barely misses you. Edmund closely misses you.
Casting: Magic Dart
Confirm with . or Enter, or press ? or * to list all spells.
You don't have enough magic to cast that spell.
Casting: Magic Dart
Confirm with . or Enter, or press ? or * to list all spells.
You don't have enough magic to cast that spell.
Edmund bites you.
You die...

#..# ... #..# ....
.##########..# ....
........)....# ...#
##########...# ...#
#...# ...# #...#
...# #...# ...#
#.@.#
...############h..#
..................#
..................#
..)...............#
.......%..........#
###################


You could see Edmund the wolf.

Vanquished Creatures
  Jessica (D:2)
  4 adders
  3 gnolls (D:2)
  A giant mite (D:2)
  4 giant geckos
  An ooze (D:1)
  4 orcs
  9 bats
  2 giant cockroaches
  5 hobgoblins
  9 jackals (D:1)
  7 kobolds
  A quokka (D:2)
  6 giant newts
  8 goblins
  A hobgoblin skeleton (D:4)
  23 rats
89 creatures vanquished.

Notes
Turn   | Place    | Note
--------------------------------------------------------------
     0 | D:1      | veg, the Spriggan Conjurer, began the quest for the Orb.
     0 | D:1      | Reached XP level 1. HP: 9/9 MP: 4/4
   480 | D:1      | Reached XP level 2. HP: 13/13 MP: 5/7
  1442 | D:1      | Reached XP level 3. HP: 16/16 MP: 10/10
  2100 | D:1      | Reached skill level 4 in Spellcasting
  2691 | D:2      | Reached XP level 4. HP: 21/21 MP: 11/14
  3019 | D:2      | Learned a level 4 spell: Iskenderun's Mystic Blast
  3024 | D:2      | Learned a level 4 spell: Iskenderun's Battlesphere
  3172 | D:2      | Reached skill level 1 in Charms
  3264 | D:2      | Noticed Jessica
  3266 | D:2      | Killed Jessica
  3455 | D:2      | Reached XP level 5. HP: 24/24 MP: 12/18
  4376 | D:3      | Lost strength.
  4465 | D:4      | Noticed an orc warrior
  4660 | D:4      | Noticed Edmund
  4724 | D:4      | Noticed Edmund
  4724 | D:4      | Edmund changed into Edmund the wolf
  4739 | D:4      | HP: 1/24 [Edmund the wolf (4)]
  4747 | D:4      | Slain by Edmund the wolf

Action                   |  1- 3 |  4- 6 || total
-------------------------+-------+-------++-------
Melee: Short sword       |    82 |       ||    82
Throw: Stone             |    56 |       ||    56
       Dart              |       |    25 ||    25
 Cast: Magic Dart        |    73 |   126 ||   199
       Iskenderun's Batt |       |     1 ||     1
Evoke: Wand              |       |     8 ||     8
  Use: Potion            |       |     1 ||     1
 Stab: Sleeping          |     1 |       ||     1
